 Dungeon Crawl Stone Soup version 0.29.0-13-gc9e81de378 (webtiles) character file.

Game seed: 652764792912285139

7 Ofeo the Firebug (level 2, -2/20 HPs)
             Began as a Meteoran Fire Elementalist on Sept 9, 2022.
             Slain by a hound (4 damage)
             ... on level 3 of the Dungeon.
             The game lasted 00:01:18 (193 turns).

Ofeo the Firebug (Meteoran Fire Elementalist)        Turns: 193, Time: 00:01:18

Health: -2/20      AC:  2    Str:  9    XL:     2   Next: 23%
Magic:  2/6        EV: 12    Int: 16    God:
Gold:   0          SH:  0    Dex: 14    Spells: 5/6 levels left

rFire   . . .      SeeInvis .   (no weapon)
rCold   . . .      Faith    .   (no shield)
rNeg    . . .      Spirit   .   a - +0 robe
rPois   .          Reflect  .   (no helmet)
rElec   .          Harm     .   (no cloak)
rCorr   .          Rampage  .   (no gloves)
Will    .....                   (no boots)
Stlth   +.........              (no amulet)
HPRegen 0.06/turn               (no ring)
MPRegen 0.10/turn               (no ring)

@: glowing
A: sense surroundings 1, otherworldly, glowing, explore regen
a: no special abilities


You were on level 3 of the Dungeon.
You visited 1 branch of the dungeon, and saw 3 of its levels.

Inventory:

Armour
 a - a +0 robe (worn)
Potions
 b - a potion of magic


   Skills:
 + Level 2.6 Dodging
 + Level 1.5 Stealth
 + Level 2.8 Spellcasting
 + Level 1.5 Conjurations
 + Level 3.7 Fire Magic


You had 5 spell levels left.
You knew the following spells:

 Your Spells              Type           Power      Damage    Failure   Level
a - Foxfire               Conj/Fire      40%        2x1d6     6%          1

Your spell library contained the following spells:

 Spells                   Type           Power      Damage    Failure   Level
 Scorch                   Fire           28%        2d6       6%          2
 Conjure Flame            Conj/Fire      10%        6-21      19%         3
 Inner Flame              Hex/Fire       8%         N/A       26%         3
 Flame Wave               Conj/Fire      10%        2d6       54%         4


Dungeon Overview and Level Annotations

Branches:
Dungeon (3/15) Zot: 1606

Altars:


Innate Abilities, Weirdness & Mutations

You passively map a small area around you.
You are easily found by Zot.
You glow in the dark.
You regain HP and MP as you explore.


Message History

The hound is heavily wounded.
The hound closely misses you.
Casting: Foxfire (safe; 6% risk of failure)
Confirm with . or Enter, or press ? or * to list all spells.
You conjure some foxfire!
The hound misses you.
You now have 3/6 mp.
Your foxfire dissipates!
The hound bites you.
You take 4 damage, and have 10/20 hp.
The hound bites you but does no damage.
Casting: Foxfire (safe; 6% risk of failure)
Confirm with . or Enter, or press ? or * to list all spells.
You conjure some foxfire!
The hound barely misses you.
You now have 3/6 mp.
You closely miss the hound.
The hound is moderately wounded.
The foxfire hits the hound.
The hound is heavily wounded.
The hound bites you. The hound closely misses you.
You take 3 damage, and have 8/20 hp.
Casting: Foxfire (safe; 6% risk of failure)
Confirm with . or Enter, or press ? or * to list all spells.
You conjure some foxfire!
The hound bites you.
* * * LOW HITPOINT WARNING * * *
You take 4 damage, and have 4/20 hp.
You now have 2/6 mp.
You hit the hound but do no damage.
The hound is heavily wounded.
The foxfire hits the hound but does no damage.
The hound is heavily wounded.
The hound bites you.
* * * LOW HITPOINT WARNING * * *
The hound closely misses you.
You take 2 damage, and have 2/20 hp.
Casting: Foxfire (safe; 6% risk of failure)
Confirm with . or Enter, or press ? or * to list all spells.
You don't know that spell.
You hit the hound but do no damage.
The hound is heavily wounded.
The hound bites you.
You die...

, #.# , # , *#.# *
* , * #.### , #.#
*#...# * * ###.#
###.# , , ..#.# ,*
#.#* * *#.#.# *,
#.# #.#.# *
#h##########.#.#
#@...........#.#
*,
############...###
* #...... *
*####### ,, , ,*
*# * ** * *, , ..
###


You could see a hound.

Vanquished Creatures
  A ball python (D:3)
  An endoplasm (D:1)
  A quokka (D:1)
  2 bats
  A frilled lizard (D:1)
  A kobold (D:1)
7 creatures vanquished.

Vanquished Creatures (others)
  20 foxfires
20 creatures vanquished.

Grand Total: 27 creatures vanquished

Notes
Turn   | Place    | Note
-------+----------+-------------------------------------------
     0 | D:1      | Ofeo the Meteoran Fire Elementalist began the quest for the
                  | Orb.
     0 | D:1      | Reached XP level 1. HP: 14/14 MP: 5/5
    74 | D:1      | Reached XP level 2. HP: 14/20 MP: 4/6
   178 | D:3      | Noticed a hound
   193 | D:3      | Slain by a hound

Illustrated notes

Levels and vault maps discovered:
D:1:      dpeg_arrival_round_a, layout_loops_ring, dreamdust_princess_corridor
D:2:      layout_loops_corners, shapermc_ecumenical_altar_starsandcircs,
          minmay_circled_x
D:3:      layout_loops_ring, serial_shops, shop_statue

Action                   || total
-------------------------++-------
Melee: Unarmed           ||     9
 Cast: Foxfire           ||    16
Armor: Robe              ||     5
Dodge: Dodged            ||    10
